 Dungeon Crawl Stone Soup version 0.29.0-4-gdea44cf6ec (webtiles) character file.

Game seed: 13697872112544041750

11 qw the Sneak (level 2, -11/19 HPs)
             Began as a Gargoyle Delver on Sept 10, 2022.
             Killed by divine providence
             ... invoked by an orc priest
              (13 damage)
             ... on level 5 of the Dungeon.
             The game lasted 00:00:02 (178 turns).

qw the Sneak (Gargoyle Delver)                       Turns: 178, Time: 00:00:03

Health: -11/19     AC:  5    Str: 15    XL:     2   Next: 29%
Magic:  2/2        EV: 11    Int: 10    God:
Gold:   42         SH:  0    Dex: 11    Spells: 1/1 levels left

rFire   . . .      SeeInvis .   a - +0 hand axe
rCold   . . .      Faith    .   (no shield)
rNeg    + . .      Spirit   .   b - +0 leather armour
rPois   inf        Reflect  .   (no helmet)
rElec   +          Harm     .   (no cloak)
rCorr   .          Rampage  .   (no gloves)
Will    .....                   (no boots)
Stlth   +++.......              (no amulet)
HPRegen 0.06/turn               (no ring)
MPRegen 0.08/turn               (no ring)

@: no status effects
A: sickness immunity, AC +2, negative energy resistance 1, electricity
resistance, torment resistance 1, petrification resistance
a: no special abilities


You were on level 5 of the Dungeon.
You visited 1 branch of the dungeon, and saw 1 of its levels.

You collected 42 gold pieces.


Innate Abilities, Weirdness & Mutations

You are immune to sickness and miasma.
Your stone body is resilient. (AC +2)
You are immune to poison.
You resist negative energy. (rN+)
You are resistant to electric shocks. (rElec)
You are resistant to unholy torment.
You are immune to petrification.


   Skills:
 - Level 3.2 Fighting
 + Level 2.6 Axes
 - Level 1.5 Dodging
 - Level 5.4 Stealth


You had one spell level left.
You didn't know any spells.
Your spell library was empty.

Inventory:

Hand Weapons
 a - a +0 hand axe (weapon)
Armour
 b - a +0 leather armour (worn)
Wands
 g - a wand of digging (3)
Scrolls
 c - a scroll of fog
 d - a scroll of magic mapping
 e - a scroll of fear
Potions
 f - a potion of haste

Dungeon Overview and Level Annotations

Branches:
Dungeon (5/15)
 Temple: D:4-7

Altars:


Message History

The orc shouts!
You hit the shadow imp.
The shadow imp is moderately wounded.
You hear a shout!
The shadow imp gestures at you. Pain shoots through your body!
You slash the shadow imp!
You kill the shadow imp!
Your Axes skill increases to level 2!
You have reached level 2!
An orc comes into view. It is wielding a +0 club.
An orc comes into view. It is wielding a +0 short sword.
An orc priest comes into view. It is wielding a +0 flail.
The orc shouts! x2
You slash the orc!
You kill the orc!
An orc comes into view. It is wielding a +0 hand axe.
Things that are here:
a +0 hand axe; an orc corpse A scorpion comes into view.
You hit the orc.
The orc is heavily wounded.
You barely miss the orc. The orc hits you with a +0 club.
The orc hits you but does no damage.
You hit the orc.
You kill the orc!
You hit the orc priest. You hit the orc but do no damage.
The orc priest closely misses you. The orc barely misses you.
You hit the orc priest.
The orc priest is moderately wounded.
You barely miss the orc.
The orc priest hits you with a +0 flail.
The orc hits you with a +0 short sword.
You hit the orc priest.
The orc priest is moderately wounded.
You closely miss the orc. You hit the orc but do no damage.
The orc hits you but does no damage.
The orc priest invokes the aid of Beogh against you.
Beogh smites you!
Ouch! That really hurt!
You die...

..............#......
..................#
......###.......#.#
...... #......##.##
..... #..#...##..###
.. #...##....#...#
....###..#...#
##...###..o.#.#..
###.#..)@os...#
#....o......
#....(.###...
..#..#### . #....##
......# ..?....#
........


You could see a scorpion, an orc priest and 2 orcs.

Vanquished Creatures
  A shadow imp (D:5)
  2 orcs (D:5)
3 creatures vanquished.

Notes
Turn   | Place    | Note
-------+----------+-------------------------------------------
     0 | D:5      | qw the Gargoyle Delver began the quest for the Orb.
     0 | D:5      | Reached XP level 1. HP: 14/14 MP: 1/1
     0 | D:5      | 0 ||| qw: Version: 0.1-a-116-g5d60599
     0 | D:5      | 0 ||| qw: Game counter: 9363
     0 | D:5      | 0 ||| qw: Always use a shield: true
     0 | D:5      | 0 ||| qw: God list: Okawaru
     0 | D:5      | 0 ||| qw: Allow faded altars: false
     0 | D:5      | 0 ||| qw: Do Orc after D:15 true
     0 | D:5      | 0 ||| qw: Do second Lair branch before Depths: true
     0 | D:5      | 0 ||| qw: Lair rune preference: random
     0 | D:5      | 0 ||| qw: Plans: Normal
     0 | D:5      | 0 ||| PLANNING D:1-11
    25 | D:5      | 25 ||| Stepping ~*~*~tactically~*~*~ (hiding).
   127 | D:5      | 127 ||| Stepping ~*~*~tactically~*~*~ (hiding).
   160 | D:5      | 160 ||| Stepping ~*~*~tactically~*~*~ (stealth).
   163 | D:5      | 163 ||| Stepping ~*~*~tactically~*~*~ (stealth).
   170 | D:5      | Reached XP level 2. HP: 9/19 MP: 2/2
   174 | D:5      | Noticed a scorpion
   177 | D:5      | HP: 4/19 [orc priest/+0 flail (2)]
   178 | D:5      | Killed from afar by an orc priest

Levels and vault maps discovered:
D:5:      layout_rooms, uniq_grinder

Skill      XL: |  1 |
---------------+----+-----
Axes           | 2 |  2.6
Fighting       | |  3.2
Dodging        | |  1.5
Stealth        | |  5.4

Action                   || total
-------------------------++-------
Melee: Hand axe          ||     9
Armor: Leather armour    ||     3
Dodge: Dodged            ||     3

Table legend:
 A = Non-vault XP
 B = Vault XP
 C = Vault XP percentage of total XP
 D = Non-vault monster count
 E = Vault monster count
 F = Vault count percentage of total count
                 A         B        C        D         E       F
            +---------+---------+-------+---------+---------+-------
      Total |      17 |       0 |   0.0 |       3 |       0 |   0.0
            +---------+---------+-------+---------+---------+-------
        D:5 |      17 |       0 |   0.0 |       3 |       0 |   0.0
            +---------+---------+-------+---------+---------+-------
